 Dungeon Crawl Stone Soup version 0.20-a0-1122-gb7cbeb9 (webtiles) character file.

920 grindst0ne the Grappler (level 7, -7/106 HPs)
             Began as a Troll Monk on May 13, 2017.
             Was a Believer of Makhleb.
             Killed from afar by an orc wizard (10 damage)
             ... with a puff of frost
             ... on level 6 of the Dungeon.
             The game lasted 00:07:40 (3820 turns).

grindst0ne the Grappler (Troll Monk)                Turns: 3820, Time: 00:07:41

Health: -7/106     AC:  6    Str: 25    XL:     7   Next: 83%
Magic:  6/6        EV: 11    Int:  6    God:    Makhleb [**....]
Gold:   299        SH:  0    Dex: 16    Spells: 6/6 levels left

rFire    . . .     SeeInvis .     - Unarmed
rCold    . . .     Gourm    +   (no shield)
rNeg     . . .     Faith    .   a - +0 robe
rPois    .         Spirit   .   (helmet restricted)
rElec    .         Reflect  .   w - +0 cloak
rCorr    .         Harm     .   (gloves unavailable)
MR       .....                  (boots unavailable)
Stlth    ..........             (no amulet)
Regen    0.7/turn               (no ring)
MPRegen  0.1/turn               (no ring)

@: mighty, berserking, very quick
A: unfitting armour, claws 3, thin skeletal structure 1, deterioration 1, fast
metabolism 3, gourmand, regeneration 1, shaggy fur 1, tough skin 2
a: Minor Destruction, Renounce Religion


You were on level 6 of the Dungeon.
You worshipped Makhleb.
Makhleb was pleased with you.
You were full.

You visited 1 branch of the dungeon, and saw 6 of its levels.

You collected 299 gold pieces.

Inventory:

Armour
 a - a +0 robe (worn)
 w - a +0 cloak (worn)
Jewellery
 o - an uncursed amulet of the gourmand {unknown}
 u - an uncursed ring of magical power {unknown}
 x - an uncursed ring of flight {unknown}
 z - an uncursed amulet of rage {unknown}
Wands
 s - a wand of paralysis (14/24)
Scrolls
 c - 2 scrolls of fog {unknown}
 e - 3 scrolls of fear {unknown}
 h - 8 scrolls of identify {unknown}
 i - 2 scrolls of recharging {unknown}
 k - a scroll of enchant armour {unknown}
 l - 2 scrolls of blinking {unknown}
 p - 2 scrolls of immolation {unknown}
 q - 5 scrolls of remove curse {unknown}
 y - 2 scrolls of teleportation {unknown}
 D - a scroll of silence {unknown}
Potions
 d - a potion of curing
 j - a potion of might
 n - 3 potions of magic
 v - a potion of haste {unknown}
 A - a potion of invisibility {unknown}
 B - a potion of degeneration {unknown}
Books
 C - a book of Maledictions

   Spells                             Type                      Level
   a - Corona                         Hexes                        1
   b - Ensorcelled Hibernation        Hexes/Ice                    2
   c - Confuse                        Hexes                        3
   d - Tukima's Dance                 Hexes                        3
   e - Dazzling Spray                 Conjuration/Hexes            3
Comestibles
 b - 5 bread rations
 f - 5 meat rations
 g - 3 royal jellies
 m - 3 fruits


   Skills:
 + Level 4.8 Fighting
 - Level 2.4 Dodging
 - Level 1.0 Stealth
 * Level 8.1 Unarmed Combat


You had 6 spell levels left.
You didn't know any spells.

Dungeon Overview and Level Annotations

Branches:
Dungeon (6/15)
 Temple: D:4-7

Altars:
Cheibriados
Elyvilon
Kikubaaqudgha
Makhleb
Okawaru
Sif Muna
Zin
The Shining One

Shops:
D:4 %   D:5 :


Innate Abilities, Weirdness & Mutations

You are too large for most types of armour.
You have claws for hands.
Your metabolism is lightning-fast.
You like to eat raw meat.
Your natural rate of healing is unusually fast.
You are covered in fur. (AC +1)
You have very tough skin. (AC +2)
You have a somewhat thin skeletal structure. (Dex +2, Stealth)
Your body sometimes deteriorates upon taking damage.


Message History

It was a potion of might.
You feel very mighty all of a sudden.
It was a potion of magic.
Magic courses through your body. The orc wizard hits you with a dagger.
* * * LOW HITPOINT WARNING * * *
The orc wizard casts a spell at you. The puff of flame hits you!
* * * LOW HITPOINT WARNING * * *
It was a potion of mutation.
You feel extremely strange.
You feel yourself wasting away.
Your bones become slightly less dense.
The orc wizard hits you but does no damage.
It was a potion of berserk rage.
A red film seems to cover your vision as you go berserk!
You feel yourself moving faster!
You feel mighty!
The orc shouts!
The orc wizard hits you with a dagger.
* * * LOW HITPOINT WARNING * * *
The orc wizard casts a spell at you. The puff of frost hits you!
You die...

.........# ..#
########o###.# #(.##.###
###.........# #..##...#
............# #oY.#...#
#..........# #(#.#...#
#..........# #o#.....#
#..........#####o##..###
#.......)....#.@..#...#
##..#(........#....#...#
.#............#........+
.#.###.......)#....#.>.#
.#.###........#....##.##
.....#........#....##.#
####.#........#....##.#
...#.#........#....##.#
##.#.......#### #.#


You could see an orc warrior, an ice beast, an orc wizard and 2 orcs.

Vanquished Creatures
  A black bear (D:6)
  2 ogres (D:4)
  A centaur (D:5)
  Blork the orc (D:4)
  A scorpion (D:5)
  A bullfrog skeleton (D:5)
  2 orc priests (D:4)
  2 orc wizards
  Terence (D:2)
  Jessica (D:2)
  An iguana (D:5)
  A worker ant (D:5)
  7 adders
  4 gnolls (D:4)
  4 worms
  A dart slug (D:3)
  5 leopard geckos
  8 orcs
  16 bats
  10 giant cockroaches
  5 goblins
  4 hobgoblins
  11 jackals
  5 kobolds
  3 quokkas
  A frilled lizard (D:1)
  A jackal skeleton (D:4)
  4 rats
104 creatures vanquished.

Notes
Turn   | Place    | Note
-------+----------+-------------------------------------------
     0 | D:1      | grindst0ne the Troll Monk began the quest for the Orb.
     0 | D:1      | Reached XP level 1. HP: 22/22 MP: 0/0
   131 | D:1      | Reached XP level 2. HP: 29/29 MP: 1/1
   176 | D:1      | Found a glowing golden altar of the Shining One.
   488 | D:1      | Reached XP level 3. HP: 36/36 MP: 2/2
   646 | D:2      | Reached skill level 4 in Unarmed Combat
   647 | D:2      | Found an iron altar of Okawaru.
   864 | D:2      | Found a faded altar of an unknown god.
   913 | D:2      | Reached XP level 4. HP: 37/44 MP: 3/3
   947 | D:2      | Noticed Jessica
   951 | D:2      | Killed Jessica
  1001 | D:2      | Noticed Terence
  1026 | D:2      | Killed Terence
  1026 | D:2      | Reached skill level 5 in Unarmed Combat
  1328 | D:3      | Reached XP level 5. HP: 53/53 MP: 4/4
  1431 | D:3      | Found a glowing golden altar of the Shining One.
  1493 | D:3      | Found a glowing silver altar of Zin.
  1514 | D:3      | Found a deep blue altar of Sif Muna.
  1517 | D:3      | Found a white marble altar of Elyvilon.
  1948 | D:3      | Found a burning altar of Makhleb.
  1956 | D:3      | Became a worshipper of Makhleb the Destroyer
  1956 | D:3      | Reached * piety under Makhleb
  1956 | D:3      | Reached ** piety under Makhleb
  2045 | D:4      | Noticed an ogre
  2052 | D:4      | Killed an ogre
  2052 | D:4      | Reached XP level 6. HP: 62/62 MP: 5/5
  2114 | D:4      | Noticed Blork the orc
  2129 | D:4      | Killed Blork the orc
  2129 | D:4      | Reached skill level 6 in Unarmed Combat
  2447 | D:4      | Found Keyl's Food Emporium.
  2473 | D:4      | Reached XP level 7. HP: 34/70 MP: 6/6
  2483 | D:4      | Reached skill level 7 in Unarmed Combat
  3007 | D:5      | Entered Level 5 of the Dungeon
  3277 | D:5      | Found an ancient bone altar of Kikubaaqudgha.
  3366 | D:5      | Found Vupsoh's Book Emporium.
  3396 | D:5      | Found a snail-covered altar of Cheibriados.
  3805 | D:6      | Reached skill level 8 in Unarmed Combat
  3818 | D:6      | HP: 3/71 [orc wizard/puff of flame (6)]
  3819 | D:6      | Gained mutation: Your body sometimes deteriorates upon taking damage. [potion of mutation]
  3819 | D:6      | Gained mutation: You have a somewhat thin skeletal structure. (Dex +2, Stealth) [potion of mutation]
  3820 | D:6      | Killed from afar by an orc wizard

Vault maps used:
D:1:      dpeg_arrival_tiny_j, tso_metal_star
D:2:      chequers_ecumenical_altar_island, minmay_splitting_lines,
          okawaru_gym_becter, uniq_jessica, uniq_terence
D:3:      lemuel_coloured_pillars_altar, grunt_temple_overflow_cloverleaf
D:4:      first_bread, serial_shops, kennysheep_mini_moat, uniq_blork_the_orc
D:5:      minmay_diamond_boxcup, kennysheep_little_box, slow_altar_1,
          serial_shops, shop
D:6:      minmay_temple_entry_crystal_x, minmay_crystal_room

Skill      XL: |  1  2  3  4  5  6  7 |
---------------+----------------------+-----
Unarmed Combat | 4 5 6 8 |  8.1
Fighting       | 3 4 |  4.8
Dodging        | |  2.4
Stealth        | |  1.0

Action                   |  1- 3 |  4- 6 |  7- 9 || total
-------------------------+-------+-------+-------++-------
Melee: Unarmed           |   125 |   122 |    59 ||   306
       Punch             |     1 |     4 |     4 ||     9
  Use: Potion            |       |       |     5 ||     5
 Stab: Sleeping          |     2 |     1 |     4 ||     7
  Eat: Chunk             |    14 |    14 |    10 ||    38
Armor: Robe              |    86 |    27 |    21 ||   134
Dodge: Dodged            |   105 |    53 |    33 ||   191
